Description

Added Grid Hotkey commands as notes (for my dumb ass) on the new layout 1= CC 2= Bar 3= Fac 4= Star

Build Order

Get SALT Encoding   

  12  0:00  SCV 1 Q  
  13  0:13  SCV 1 Q  
  14  0:18  Supply Depot Z E  
  14  0:25  SCV 1 Q  
  15  0:40  SCV 1 Q  
  15  0:41  Barracks Z A  
  16  0:45  Refinery Z W  
  16  0:52  SCV 1 Q  
  17  1:04  SCV 1 Q  
  18  1:16  SCV 1 Q  
  19  1:28  Orbital Command, Reaper 2 W, 1 R  
  20  1:43  Command Center Z Q  
  20  1:52  Supply Depot Z E  
  20  1:54  SCV 1 Q  
  20  2:00  Marine 2 Q  
  22  2:07  SCV 1 Q  
  23  2:12  Factory X A  
  23  2:19  Bunker, SCV 1 Q, Z Z  
  24  2:28  Barracks Reactor 2 X  
  24  2:29  Refinery Z W  
  24  2:31  SCV 1 Q  
  25  2:43  SCV 1 Q  
  26  2:56  Starport X Z  
  26  2:58  SCV 1 Q  
  26  3:00  Orbital Command 1  
  26  3:03  Factory Tech Lab 3 Z  
  27  3:06  Marine x2 2 Q, 2 Q  
  27  3:10  SCV 1 Q  
  30  3:15  Supply Depot Z E  
  30  3:22  SCV x2 1 Q, 1 Q  
  30  3:23  Cyclone, Marine x2 3 E, 2 Q, 2 Q  
  37  3:32  Starport Tech Lab 4 Z  
  42  3:34  Refinery Z W  
  37  3:35  SCV x2 1 Q, ! Q  
  39  3:41  Supply Depot Z E  
  39  3:43  Marine x2 2 Q, 2 Q  
  39  3:47  SCV x2 1 Q, 1 Q  
  42  3:59  SCV x2 1 Q, 1 Q  
  42  4:00  Raven 4 R  
  46  4:04  Marine x2 2 Q, 2 Q  
  46  4:08  Supply Depot Z E  
  48  4:11  SCV x2 1 Q, 1 Q  
  50  4:23  Siege Tank, SCV x2, Marine x2 1 Q, 1 Q, 3 R, 2 Q, 2 Q  
  57  4:34  Supply Depot x2 Z E, Z E  
  57  4:35  SCV x2 1 Q, 1 Q  
  59  4:47  SCV x2 1 Q, 1 Q  
  59  4:50  Command Center Z Q  
  61  4:55  Siege Tank, Viking 4 Q, 3 R  
  61  4:59  SCV x2 1 Q, 1 Q  
  67  5:00  Viking 4 Q  
  67  5:04  Refinery, Marine 1 Q, Z W  
  71  5:09  Stimpack 2 2 (LC) lab W  
  71  5:11  SCV x2 1 Q`, 1 Q`  
  71  5:13  Supply Depot Z E  
  73  5:23  SCV x2 1 Q`, 1 Q`  
  73  5:24  Marine, Viking 1 Q, 4 Q  
  78  5:30  Viking 4 Q  
  80  5:38  SCV x2 1 Q, 1 Q  
  80  5:40  Barracks x2, Siege Tank 3 R, Z A, Z A  
  85  5:43  Marine 2 Q  
  85  5:49  Supply Depot x2 Z E, Z E  
  86  5:54  Viking 4 Q  
  90  6:00  Viking 4 Q  
  90  6:02  Engineering Bay x2 Z S, Z S  
  90  6:03  SCV x2 1 Q, 1 Q  
  91  6:11  Marine 2 Q  
  92  6:12  Siege Tank 3 R  
  92  6:15  SCV 1 Q  
  97  6:23  SCV 1 Q  
  98  6:29  Barracks x2 Z A, Z A  
  98  6:31  SCV 1 Q  
  103  6:39  Barracks Reactor x2 2 X, 2 X  
  99  6:41  Viking x2 4 Q, 4 Q  
  99  6:42  SCV x2 1 Q, 1 Q  
  99  6:44  Siege Tank 3 R  
  99  6:45  Orbital Command 1 R  
  108  6:52  Marine 2 Q  
  109  6:54  Terran Infantry Weapons Level 1, SCV x2 1 Q, 1 Q  
  109  6:57  Supply Depot x2 Z E, Z E  
  109  6:58  Terran Infantry Armor Level 1  
  111  7:06  SCV x3 1 Q, 1 Q, 1 Q  
  112  7:10  Marine, Supply Depot x2 2 Q, Z E, Z E  
  112  7:14  Refinery x2 Z W, Z W  
  115  7:17  Siege Tank 3 R  
  115  7:18  Barracks Reactor x2, SCV x2 2 X, 2 X, 1 Q, 1 Q  
  120  7:23  Marine x5 2 Q, 2 Q, 2 Q, 2 Q, 2 Q  
  120  7:24  Supply Depot Z E  
  120  7:25  SCV x2 1 Q, 1 Q  
  126  7:34  SCV x2 1 Q, 1 Q  
  126  7:35  Medivac x2 4 W, 4 W  
  133  7:44  Marine x4 2 Q, 2 Q, 2 Q, 2 Q  
  133  7:46  Combat Shield Tech Lab Q  
  133  7:50  Marine 2 Q  
  133  7:51  Supply Depot x2 Z E, Z E   
  138  7:53  Siege Tank 3 R  
  138  7:54  SCV 1 Q  
  144  8:01  Marine x4 2 Q, 2 Q, 2 Q, 2 Q  
  144  8:02  Supply Depot, Armory X S, Z E  
  146  8:10  Medivac 4 W  
  146  8:11  Marine x4 2 Q, 2 Q, 2 Q, 2 Q  
  150  8:17  Medivac, Marine 2 Q, 4 W  
  155  8:23  Marine x2 2 Q, 2 Q  
  155  8:25  Siege Tank 3 R  
  160  8:29  Marine x4 2 Q, 2 Q, 2 Q, 2 Q  
  160  8:30  Supply Depot Z E  
  160  8:31  Command Center, Barracks Z Q, Z A  
  164  8:35  Factory X A  
  164  8:39  Marine x4 2 Q, 2 Q, 2 Q, 2 Q  
  166  8:44  Medivac x2 4 W, 4 W  
  166  8:45  Marine x2 2 Q, 2 Q  
  166  8:48  SCV x2 1 Q, 1 Q  
  175  8:49  Supply Depot Z E  
  175  8:50  Marine x2 2 Q, 2 Q  
  178  9:04  Marine x6 2 Q, 2 Q, 2 Q, 2 Q, 2 Q, 2 Q  
  184  9:12  Missile Turret x3 Z X, Z X, Z X  
  184  9:18  Sensor Tower x2 Z C, Z C  
  184  9:23  Marine x2 1 Q, 1 Q  
  186  9:27  Siege Tank 3 R  
  186  9:28  Barracks Reactor 2 X  
  186  9:30  Marine x5 2Q, 2Q, 2Q, 2Q, 2Q  
  194  9:43  Marine x2, Siege Tank 2Q, 2Q, 3 R  
  194  9:44  Barracks Reactor 2 X  
  199  9:48  Refinery x2 Z W, Z W  
  199  9:53  Marine 2 Q  
Spawning Tool Build Advisor. Get it on Overwolf

Go to:

Details

  • Created by: glynn.pelton@gmail.com
  • Published on: Apr 30, 2020
  • Modified on: Apr 30, 2020
  • Patch: 4.11.0
Show
View Real Time Build Order
Export as new Build Order

Comments (0)

There are no comments. Be the first!

Create an account to comment!